 Dungeon Crawl Stone Soup version 0.19-a0-1224-g978f909 (webtiles) character file.

740 LORDOFBUTT the Shield-Bearer (level 7, -1/61 HPs)
             Began as a Minotaur Fighter on Aug 24, 2016.
             Slain by a gnoll
             ... wielding a +0 whip
              (5 damage)
             ... on level 4 of the Dungeon.
             The game lasted 00:03:36 (2460 turns).

LORDOFBUTT the Shield-Bearer (Minotaur Fighter)     Turns: 2460, Time: 00:03:36

Health: -1/61      AC:  8    Str: 26    XL:     7   Next: 46%
Magic:  6/6        EV:  9    Int:  6    God:
Gold:   219        SH: 11    Dex: 10    Spells: 0 memorised, 6 levels left

rFire  . . .     SeeInvis .     a - +0 war axe
rCold  . . .     Gourm    .     b - +0 scale mail
rNeg   . . .     Faith    .     c - +0 shield
rPois  .         Spirit   .     (helmet restricted)
rElec  .         Dismiss  .     (no cloak)
rCorr  .         Reflect  .     g - +0 pair of gloves
MR     .....     Harm     .     (no boots)
Stlth  ..........               (no amulet)
                                (no ring)
                                (no ring)

@: mighty
A: retaliatory headbutt, horns 2
a: no special abilities


You were on level 4 of the Dungeon.
You were not hungry.

You visited 1 branch of the dungeon, and saw 4 of its levels.

You collected 219 gold pieces.

Inventory:

Hand Weapons
 a - a +0 war axe (weapon)
Armour
 b - a +0 scale mail (worn)
 c - a +0 shield (worn)
 g - a +0 pair of gloves (worn)
Jewellery
 l - an uncursed amulet of the gourmand {unknown}
 n - a +3 ring of intelligence
Scrolls
 e - 4 scrolls of remove curse
 h - 5 scrolls of teleportation
 o - a scroll of identify
 q - 2 scrolls of magic mapping {unknown}
Potions
 d - a potion of might
 i - 2 potions of curing
 j - 2 potions of brilliance
 m - a potion of invisibility
 r - a potion of haste {unknown}
Comestibles
 f - 2 bread rations
 k - a meat ration


   Skills:
 + Level 5.2 Fighting
 + Level 5.2 Axes
 + Level 5.9 Armour
 + Level 3.2 Dodging
 + Level 0.1 Stealth
 + Level 6.1 Shields


You had 6 spell levels left.
You didn't know any spells.

Dungeon Overview and Level Annotations

Branches:
Dungeon (4/15)
 Temple: D:4-7

Altars:
Ashenzari
Cheibriados
Fedhas
Okawaru
Vehumet


Innate Abilities, Weirdness & Mutations

You reflexively headbutt those who attack you in melee.
You have a pair of horns on your head.


Message History

The gnoll closely misses you. The gnoll hits you but does no damage.
There is an open door, spattered with blood here.
Items here: ))))) [ †††† You slash the gnoll!
You kill the gnoll!
You hit the gnoll. The gnoll closely misses you. You furiously retaliate!
You headbutt the gnoll.
The gnoll hits you from afar with a halberd!
* * * LOW HITPOINT WARNING * * *
You slash the gnoll! You headbutt the gnoll.
You kill the gnoll!
You slash the gnoll!
You kill the gnoll!
You block the gnoll's attack.
The gnoll hits you but does no damage. x2
You slash the gnoll!
The gnoll is severely wounded.
You slash the gnoll!
You kill the gnoll!
The gnoll completely misses you. The gnoll hits you with a whip.
You die...

.#'###≈≈P. '.# #.#
################)#
........'.#......#
........#.#......#
.....g..#.##)###.#
......)g#.#.)..#.#
######@###....#.#
#....)...'....#'#
#######################'#..
......................†.#..g
≈≈≈≈≈≈≈≈≈≈≈≈≈≈≈≈≈≈≈≈≈)≈≈####
≈≈≈≈≈≈≈≈≈≈≈≈≈≈≈≈≈≈≈≈≈≈≈≈≈≈≈≈≈
≈≈≈≈≈≈≈†≈†≈≈≈≈≈≈≈≈≈≈≈≈≈≈≈≈≈≈≈
†††.............P.............
.†................P...........


You could see 2 gnolls.

Vanquished Creatures
  2 ogres (D:4)
  Blork the orc (D:4)
  A scorpion (D:4)
  2 gnoll shamans (D:4)
  9 adders
  22 gnolls (D:4)
  An ooze (D:2)
  A dart slug (D:2)
  A giant gecko (D:2)
  5 orcs
  A ball python (D:3)
  5 bats
  5 giant cockroaches
  5 goblins
  5 hobgoblins
  16 jackals
  A quokka (D:2)
  14 giant newts
  3 kobolds
  6 rats
106 creatures vanquished.

Vanquished Creatures (others)
  A giant cockroach (D:4)
1 creature vanquished.

Grand Total: 107 creatures vanquished

Notes
Turn   | Place    | Note
-------+----------+-------------------------------------------
     0 | D:1      | LORDOFBUTT the Minotaur Fighter began the quest for the Orb.
     0 | D:1      | Reached XP level 1. HP: 19/19 MP: 0/0
    55 | D:1      | Reached XP level 2. HP: 22/27 MP: 1/1
   565 | D:2      | Reached skill level 4 in Shields
   587 | D:2      | Reached XP level 3. HP: 18/33 MP: 2/2
   645 | D:2      | Found an iron altar of Okawaru.
   651 | D:2      | Found a blossoming altar of Fedhas.
   868 | D:2      | Reached XP level 4. HP: 35/40 MP: 3/3
   978 | D:2      | You fall through a shaft for 2 floors!
  1021 | D:4      | Reached skill level 1 in Dodging
  1021 | D:4      | Reached XP level 5. HP: 35/46 MP: 4/4
  1041 | D:3      | Found a shattered altar of Ashenzari.
  1129 | D:3      | Reached skill level 5 in Shields
  1425 | D:3      | Found a faded altar of an unknown god.
  1926 | D:4      | Found a snail-covered altar of Cheibriados.
  1931 | D:4      | Noticed Blork the orc
  1939 | D:4      | Killed Blork the orc
  1939 | D:4      | Reached XP level 6. HP: 51/53 MP: 5/5
  1976 | D:4      | Found a radiant altar of Vehumet.
  2001 | D:4      | Reached skill level 5 in Armour
  2188 | D:4      | Reached skill level 5 in Fighting
  2425 | D:4      | Reached XP level 7. HP: 56/61 MP: 6/6
  2449 | D:4      | Reached skill level 5 in Axes
  2455 | D:4      | Reached skill level 6 in Shields
  2460 | D:4      | Slain by a gnoll

Vault maps used:
D:1:      saegor_arrival_simple_b, minmay_newt_pond
D:2:      amethyst_overflow_temple_binary
D:3:      nicolae_ashenzari_panopticon, ecumenical_altar_2
D:4:      lemuel_castle_with_subvaults, fiery_altar_vehumet,
          lemuel_crystal_altar, kennysheep_generic_room_3, uniq_blork_the_orc

Skill      XL: |  1  2  3  4  5  6  7 |
---------------+----------------------+-----
Armour         | 4 5 |  5.9
Shields        | 4 5 6 |  6.1
Fighting       | 4 5 |  5.2
Axes           | 3 4 5 |  5.2
Dodging        | 1 2 3 |  3.2
Stealth        | |  0.1

Action                   |  1- 3 |  4- 6 |  7- 9 || total
-------------------------+-------+-------+-------++-------
Melee: War axe           |    76 |   147 |    25 ||   248
       Headbutt          |    13 |    27 |     5 ||    45
  Use: Scroll            |     4 |     3 |       ||     7
       Potion            |       |     1 |     1 ||     2
  Eat: Beef jerky        |       |     2 |       ||     2
       Bread ration      |       |     1 |       ||     1
       Pizza             |       |     1 |       ||     1
Armor: Scale mail        |    29 |    54 |    16 ||    99
Dodge: Dodged            |    25 |    57 |    23 ||   105
Block: Shield            |    32 |    90 |    26 ||   148
